 Dungeon Crawl Stone Soup version 0.13.1-22-g086cdba (webtiles) character file.

322 Kae the Insei (level 5, 0/40 HPs)
             Began as a Draconian Transmuter on Dec 31, 2013.
             Slain by a gnoll
             ... wielding a +0,+0 spear
              (7 damage)
             ... on Level 3 of the Dungeon.
             The game lasted 00:03:10 (2999 turns).

Kae the Insei (Draconian Transmuter)                Turns: 2999, Time: 00:03:10

HP   0/40        AC  5     Str 12      XL: 5   Next:  0%
MP   7/7         EV 12     Int 13      God:
Gold 185         SH  0     Dex 13      Spells:  2 memorised,  5 levels left

Res.Fire  : . . .   See Invis. : .     - Unarmed
Res.Cold  : . . .   Warding    : .   (armour unavailable)
Life Prot.: . . .   Conserve   : .   (no shield)
Res.Poison: .       Res.Corr.  : .   (helmet restricted)
Res.Elec. : .       Clarity    : .   (no cloak)
Sust.Abil.: . .     Spirit.Shd : .   (no gloves)
Res.Mut.  : .       Stasis     : .   (no boots)
Res.Rott. : .       Flight     : .   (no amulet)
Saprovore : . . .                    (no ring)
                                     (no ring)

@: slightly resistant to hostile enchantments, unstealthy
A: unfitting armour, AC +5
a: no special abilities


You were on level 3 of the Dungeon.
You were hungry.

You visited 1 branch of the dungeon, and saw 3 of its levels.

You collected 165 gold pieces.

Inventory:

Missiles
 b - 32 arrows
Comestibles
 a - 2 bread rations
 j - 2 chokos
 l - 3 meat rations
 p - a chunk of jackal flesh
Scrolls
 c - a scroll of teleportation {unknown}
 e - 3 scrolls of identify {unknown}
 f - 4 scrolls of remove curse {unknown}
 g - 2 scrolls of magic mapping {unknown}
 h - a scroll of curse weapon {unknown}
 i - a scroll of recharging {unknown}
 o - a scroll of blinking {unknown}
 s - a scroll of curse jewellery {unknown}
 t - a scroll of enchant weapon I {unknown}
 u - a scroll of noise {unknown}
Jewellery
 k - a +3 ring of strength {unknown}
 m - a cursed amulet of rage {unknown}
Potions
 n - 5 potions of curing {unknown}
 r - a potion of restore abilities {unknown}
 v - a potion of agility {unknown}
Books
 d - a book of Changes

   Spells                             Type                      Level
   *Beastly Appendage                 Transmutation                1
   *Sticks to Snakes                  Transmutation                2
   Spider Form                        Transmutation/Poison         3
   Ice Form                           Ice/Transmutation            4
   Blade Hands                        Transmutation                5
 q - a book of Clouds

   Spells                             Type                      Level
   Mephitic Cloud                     Conjuration/Poison/Air       3
   Conjure Flame                      Conjuration/Fire             3
   Poisonous Cloud                    Conjuration/Poison/Air       6
   Freezing Cloud                     Conjuration/Ice/Air          6
   Ring of Flames                     Charms/Fire                  7


   Skills:
 - Level 1.1 Fighting
 - Level 1.7 Dodging
 * Level 4.8 Unarmed Combat
 - Level 2.0 Spellcasting
 + Level 3.5 Transmutations


You had 5 spell levels left.
You knew the following spells:

 Your Spells              Type           Power        Failure   Level  Hunger
a - Beastly Appendage     Trmt           ##....       8%          1    ##.....
b - Sticks to Snakes      Trmt           ##........   10%         2    ###....


Dungeon Overview and Level Annotations

Branches:
Dungeon (3/27)

Altars:


Message History

You spend a moment contemplating the meaning of life.
There are monsters nearby!
You barely miss the gnoll. You punch the gnoll, but do no damage.
The gnoll barely misses you.
You hit the gnoll.
The gnoll is moderately wounded.
The gnoll hits you from afar with a spear.
The gnoll hits you from afar with a halberd!
The gnoll barely misses you.
You hit the gnoll.
Your tail-slap misses the gnoll.
You punch the gnoll.
The gnoll is heavily wounded.
The gnoll hits you from afar with a spear!
The gnoll hits you from afar with a halberd!
* * * LOW HITPOINT WARNING * * *
The gnoll hits you but does no damage.
You are too injured to fight recklessly!
You spend a moment contemplating the meaning of life.
There are monsters nearby!
The gnoll hits you from afar with a spear!
You die...

.........
#.................
........
.....................
........
......................
#......
.......................
##...#
........................
...
....................#.#..
.........................
...............#.........
#...g.g.@...........#.#..
#....g...................
#.#..#g#..#........###...
#..................###...
#....#.##................
#.##.#.........#...##.#..
# ####....#.#.........
..................
###....#.##.###.#..


You could see 4 gnolls.

Vanquished Creatures
  A worker ant (D:3)
  5 adders
  A worm (D:3)
  2 giant geckos
  4 oozes
  2 orcs (D:3)
  2 giant cockroaches
  7 goblins
  4 hobgoblins
  4 jackals (D:3)
  3 kobolds
  11 bats
  5 giant newts
  4 rats
  2 plants (D:1)
57 creatures vanquished.

Notes
Turn   | Place    | Note
--------------------------------------------------------------
     0 | D:1      | Kae, the Draconian Transmuter, began the quest for the Orb.
     0 | D:1      | Reached XP level 1. HP: 16/16 MP: 1/1
   212 | D:1      | Reached XP level 2. HP: 17/23 MP: 3/3
  1178 | D:2      | Reached XP level 3. HP: 6/28 MP: 2/4
  1292 | D:2      | Reached skill level 4 in Unarmed Combat
  1708 | D:2      | Learned a level 2 spell: Sticks to Snakes
  1741 | D:3      | Reached XP level 4. HP: 31/35 MP: 6/6
  2957 | D:3      | Reached XP level 5. HP: 37/40 MP: 7/7
  2999 | D:3      | Slain by a gnoll

Action                   |  1- 3 |  4- 6 || total
-------------------------+-------+-------++-------
Melee: Unarmed           |   547 |   115 ||   662
 Cast: Beastly Appendage |     1 |     4 ||     5
  Use: Potion            |     1 |       ||     1
 Stab: Sleeping          |     1 |       ||     1
